 Dungeon Crawl Stone Soup version 0.18-b1-18-g7758cf2 (webtiles) character file.

47 GreamJoe the Chopper (level 3, -3/33 HPs)
             Began as a Draconian Berserker on May 2, 2016.
             Was a Believer of Trog.
             Killed from afar by Sigmund (6 damage)
             ... with a magic dart
             ... on level 2 of the Dungeon.
             The game lasted 00:05:27 (926 turns).

GreamJoe the Chopper (Draconian Berserker)           Turns: 926, Time: 00:05:28

Health: -3/33      AC:  5    Str: 20    XL:     3   Next: 48%
Magic:  3/3        EV: 12    Int:  7    God:    Trog [**....]
Gold:   27         SH:  0    Dex: 10    Spells: 0 memorised, 2 levels left

rFire  . . .     SeeInvis .     a - +0 hand axe
rCold  . . .     Gourm    .     (armour unavailable)
rNeg   . . .     Faith    .     (no shield)
rPois  .         Spirit   .     (helmet restricted)
rElec  .         Dismiss  .     (no cloak)
rCorr  .         Reflect  .     (no gloves)
SustAt .         Harm     .     (no boots)
MR     .....                    (no amulet)
Stlth  +.........               (no ring)
                                (no ring)

@: not resistant to hostile enchantments, very unstealthy
A: unfitting armour, cold-blooded, AC +5
a: Berserk, Trog's Hand, Burn Spellbooks, Renounce Religion


You were on level 2 of the Dungeon.
You worshipped Trog.
Trog was pleased with you.
You were not hungry.

You visited 1 branch of the dungeon, and saw 2 of its levels.

You collected 27 gold pieces.

Inventory:

Hand Weapons
 a - a +0 hand axe (weapon)
 e - a +0 dagger
 f - a +0 club
 k - a +0 mace
Armour
 o - a cursed +0 scale mail
Scrolls
 d - a scroll of recharging {unknown}
 g - 2 scrolls of immolation {unknown}
 l - 3 scrolls of identify {unknown}
 n - a scroll of blinking {unknown}
 p - a scroll of teleportation {unknown}
 q - a scroll of fear {unknown}
Potions
 c - a potion of agility {unknown}
 m - 2 potions of flight {unknown}
Comestibles
 b - 3 bread rations
 h - 2 fruits
 i - a beef jerky
 j - a meat ration


   Skills:
 + Level 3.7 Fighting
 + Level 3.7 Axes
 * Level 0.2(2.2) Maces & Flails
 + Level 3.2 Dodging


You had 2 spell levels left.
You didn't know any spells.

Dungeon Overview and Level Annotations

Branches:
Dungeon (2/15)

Altars:

Annotations:
D:2 Sigmund


Innate Abilities, Weirdness & Mutations

Your plain brown scales are hard (AC +5).
Your body does not fit into most forms of armour.
You are cold-blooded and may be slowed by cold attacks.


Message History

You resist with significant effort.
You see here 15 poisoned needles.
Sigmund closely misses you.
You bump into the rock wall.
Sigmund casts a spell at you. The puff of flame hits you!
Sigmund hits you from afar with a scythe!
You see here 15 poisoned needles.
You feel less confused. Sigmund hits you but does no damage.
Sigmund screams, "Only death can liberate you!"
Sigmund gestures at you while chanting. You resist with significant effort.
Sigmund screams, "Don't try to resist!"
Sigmund points at you and mumbles some strange words.
The puff of flame hits you!
* * * LOW HITPOINT WARNING * * *
Sigmund points at you and mumbles some strange words.
The magic dart hits you!
You die...

####.###.#...
............
###...##.#.. ###
##......)# ..#
..)......# #.#
##.......# #.#
...).....# #.#
#........# #.#
.........# # #@#
.........#.# #.#
......#....# ##.#
....###.#### #..# ...##
#.# #.## #.## #.# #@#
#.#####.#######.#######
#.......†.............#
##................(.#.#


You could see Sigmund.

Vanquished Creatures
  An adder (D:2)
  4 dart slugs
  2 ball pythons (D:1)
  3 bats (D:1)
  2 giant cockroaches (D:1)
  3 goblins (D:1)
  5 hobgoblins
  6 kobolds
  A giant newt (D:2)
  2 rats (D:1)
29 creatures vanquished.

Notes
Turn   | Place    | Note
--------------------------------------------------------------
     0 | D:1      | GreamJoe the Draconian Berserker began the quest for the Orb.
     0 | D:1      | Reached XP level 1. HP: 19/19 MP: 1/1
    76 | D:1      | Reached XP level 2. HP: 24/26 MP: 2/2
   492 | D:1      | Reached XP level 3. HP: 31/31 MP: 3/3
   778 | D:2      | Reached ** piety under Trog
   902 | D:2      | Noticed Sigmund
   926 | D:2      | Killed from afar by Sigmund

Skill      XL: |  1  2 |
---------------+-------+-----
Dodging        | 3 |  3.2
Fighting       | |  3.7
Axes           | |  3.7
Maces & Flails | |  0.2

Action                   || total
-------------------------++-------
Melee: Hand axe          ||    68
       Tailslap          ||    14
Armor: Skin              ||    31
Dodge: Dodged            ||    72
